 Dungeon Crawl Stone Soup version 0.30.0-13-g156ef70053 (webtiles) character file.

Game seed: 6177194200561297959

9800 SnakkuSnakku7 the Basher (level 11, -1/63 HPs)
             Began as a Tengu Hexslinger on May 18, 2023.
             Was an Elder of Zin.
             Slain by a cane toad (12 damage)
             ... on level 1 of the Lair of Beasts.
             The game lasted 00:15:17 (11129 turns).

SnakkuSnakku7 the Basher (Tengu Hexslinger)        Turns: 11129, Time: 00:15:19

Health: -1/63      AC: 12    Str: 14    XL:     11   Next: 52%
Magic:  0/13       EV: 19    Int: 14    God:    Zin [****..]
Gold:   551        SH:  0    Dex: 15    Spells: 11/12 levels left

rFire   . . .        a - +0 morningstar
rCold   + . .        (no shield)
rNeg    . . .        A - +2 ring mail {rC+}
rPois   .            (helmet restricted)
rElec   .            e - +2 cloak
rCorr   +            (no gloves)
SInv    .            (boots unavailable)
Will    .....        u - amulet of guardian spirit
Stlth   +            j - +5 ring of evasion
HPRegen 0.30/turn    x - ring of resist corrosion
MPRegen 0.13/turn

%: guardian spirit
@: lethally poisoned (-1 -> -12), flying quickly and evasively, unable to read,
quick
A: beak, talons 3, nimble flight, iridescent scales 1, inability to read after
injury 1, MP-powered wands
a: Renounce Religion, Recite, Vitalisation, Imprison, Donate Gold


You were on level 1 of the Lair of Beasts.
You worshipped Zin.
Zin was greatly pleased with you.
You visited 3 branches of the dungeon, and saw 12 of its levels.
You also visited: Ossuary.

You collected 684 gold pieces.
You spent 72 gold pieces at shops.
You donated 61 gold pieces to Zin.

Inventory:

Hand Weapons
 a - a +0 morningstar (weapon)
 f - a +1 sling
 B - a +0 quarterstaff
Missiles
 h - 33 poisoned darts
 y - 2 throwing nets
Armour
 c - a +0 robe
 d - a +0 chain mail
 e - a +2 cloak (worn)
 A - a +2 ring mail of cold resistance (worn)
Jewellery
 g - a ring of ice
 j - a +5 ring of evasion (left hand)
 u - an amulet of guardian spirit (around neck)
 x - a ring of resist corrosion (right hand)
 D - a ring of fire
Wands
 z - a wand of charming (8)
Scrolls
 b - 4 scrolls of poison
 i - a scroll of magic mapping
 l - 2 scrolls of enchant weapon
 p - a scroll of immolation
 q - a scroll of enchant armour
 r - a scroll of teleportation
 C - 3 scrolls of fog
 E - a scroll of acquirement {unknown}
Potions
 k - 2 potions of haste
 m - 5 potions of mutation
 n - 3 potions of resistance
 o - 7 potions of curing
 s - 3 potions of cancellation
 t - a potion of heal wounds
 v - 2 potions of brilliance
 w - 2 potions of attraction


   Skills:
 - Level 5.0 Fighting
 + Level 13.2(15.2) Maces & Flails
 - Level 12.4(14.8) Staves
 - Level 2.1 Ranged Weapons
 + Level 4.1 Dodging
 - Level 1.0 Spellcasting
 - Level 2.1 Hexes


You had 11 spell levels left.
You knew the following spells:

 Your Spells              Type           Power      Damage    Failure   Level
a - Slow                  Hex            24%        N/A       22%         1

Your spell library contained the following spells:

 Spells                   Type           Power      Damage    Failure   Level
 Sandblast                Erth           0%         2d4       47%         1
 Blink                    Tloc           0%         N/A       63%         2
 Lesser Beckoning         Tloc           0%         N/A       63%         2
 Momentum Strike          Conj/Tloc      0%         3d8       63%         2
 Passwall                 Tmut/Erth      0%         N/A       63%         2
 Inner Flame              Hex/Fire       3%         N/A       71%         3
 Portal Projectile        Hex/Tloc       6%         N/A       71%         3
 Stone Arrow              Conj/Erth      0%         3d7       85%         3
 Cause Fear               Hex            3%         N/A       91%         4


Dungeon Overview and Level Annotations

Branches:
Dungeon (10/15)            Temple (1/1) D:4            Lair (1/5) D:10
    Orc (0/2) D:9         Ossuary (visited)

Altars:
Ashenzari
Cheibriados
Dithmenos
Elyvilon
Fedhas
Gozag
Hepliaklqana
Kikubaaqudgha
Makhleb
Nemelex Xobeh
Okawaru
Qazlal
Ru
Sif Muna
Trog
Uskayaw
Vehumet
Wu Jian
Xom
Yredelemnul
Zin
The Shining One

Shops:
D:2 !


Innate Abilities, Weirdness & Mutations

You have a beak for a mouth.
You have claws for feet.
Your magical nature lets you fly swiftly and evasively.
You are partially covered in iridescent scales. (AC +2)
You occasionally lose the ability to read scrolls when taking damage.
You expend magic power (3 MP) to strengthen your wands.


Message History

You feel sick.
You feel sick.
You feel sick.
You feel sick.
You are no longer poisoned.
You see here a +0 falchion.
As you open the door, it creaks loudly!
There is an open door here.
Found a stone staircase leading down.
Found a rapier.
You reach down and open the door.
A cane toad comes into view.
Found a scroll of identify and a book of Blood.
A cane toad is nearby!
A cane toad is nearby!
A cane toad is nearby!
You start resting.
A cane toad is nearby!
You start resting.
A cane toad is nearby!
The cane toad croaks.
The cane toad stings you!
You feel threatened and lose the ability to read scrolls!
You closely miss the cane toad. Your kick misses the cane toad.
The cane toad stings you.
* * * LOW HITPOINT WARNING * * *
You are lethally poisoned!
The cane toad poisons you!
You hit the cane toad but do no damage. You claw the cane toad.
The cane toad is lightly wounded.
* * * LOW HITPOINT WARNING * * *
You feel very sick. The cane toad misses you.
You hit the cane toad.
You claw the cane toad, but do no damage.
The cane toad is lightly wounded.
* * * LOW HITPOINT WARNING * * *
You feel very sick. The cane toad stings you!!
You die...

#......##P# #. #......####
#. #.......# ## #.#+.#### #
###..## # #...## ######..##
# # #.......># #### +.
####@.......### #... #.F
#P#F.#........## #... P...
#...##......#..###... ..:..
#.####....).#..#.....
#.....##.###.......##..##...
P....F'...#####..#.###..+...
#..?..##### ##..## ####...
#.+#. ##.# ##.# # . ###


You could see a cane toad.

Vanquished Creatures
  2 centaur warriors
  A two-headed ogre (D:8)
  2 ugly things
  2 cane toads (Lair:1)
  Maggie (D:6)
  2 komodo dragons
  A hornet (D:8)
  Grinder (D:4)
  Prince Ribbit (D:8)
  Sigmund (D:4)
  5 yaks (D:7)
  A vampire (D:10)
  2 wyverns
  A basilisk (Lair:1)
  A steam dragon (D:8)
  Edmund (D:4)
  2 acid dragons
  A water moccasin (Lair:1)
  2 orc warriors (D:9)
  An ice beast (D:6)
  A sky beast (D:7)
  2 black bears
  An ogre (D:4)
  4 wolves (Lair:1)
  4 centaurs
  3 kobold brigands
  3 bullfrogs
  2 gnoll sergeants (D:10)
  3 scorpions
  3 wights (D:8)
  3 killer bees (D:9)
  3 howler monkeys (D:10)
  3 hounds
  A jelly (D:4)
  7 orc priests
  2 sleepcaps
  4 iguanas
  8 orc wizards
  2 mummies (Ossuary)
  6 gnolls (D:10)
  8 adders
  3 white imps
  An ufetubus (D:7)
  7 adder zombies (Ossuary)
  A worm (D:2)
  3 dart slugs
  39 orcs
  5 ball pythons
  5 endoplasms
  3 giant cockroaches
  7 goblins
  4 hobgoblins
  2 quokkas
  6 bats
  5 frilled lizards
  2 gnoll zombies (Ossuary)
  4 hobgoblin zombies (Ossuary)
  11 kobolds
  7 kobold zombies (Ossuary)
  4 orc zombies (Ossuary)
  2 rats (D:1)
225 creatures vanquished.

Vanquished Creatures (collateral kills)
  2 orc wizards (D:9)
  An orc (D:8)
3 creatures vanquished.

Vanquished Creatures (others)
  An orc warrior (D:8)
1 creature vanquished.

Grand Total: 229 creatures vanquished

Notes
Turn   | Place    | Note
-------+----------+-------------------------------------------
     0 | D:1      | SnakkuSnakku7 the Tengu Hexslinger began the quest for the
                  | Orb.
     0 | D:1      | Reached XP level 1. HP: 12/12 MP: 3/3
   199 | D:1      | Reached XP level 2. HP: 17/17 MP: 4/4
   489 | D:1      | Reached skill level 1 in Staves
   933 | D:2      | Found an iron altar of Okawaru.
  1072 | D:2      | Reached XP level 3. HP: 20/21 MP: 5/5
  1237 | D:2      | Found Vaskeeca's Distillery.
  1252 | D:2      | Bought a potion of heal wounds for 60 gold pieces
  1252 | D:2      | Bought a potion of degeneration for 12 gold pieces
  1395 | D:2      | Reached XP level 4. HP: 11/27 MP: 6/6
  1504 | D:3      | Found a faded altar of an unknown god.
  1924 | D:4      | Noticed Sigmund
  1992 | D:4      | Killed Sigmund
  1993 | D:4      | Gained mutation: Your magical nature lets you fly swiftly
                  | and evasively. [Tengu growth]
  1993 | D:4      | Reached XP level 5. HP: 33/33 MP: 7/7
  1993 | D:4      | Reached XP level 6. HP: 38/38 MP: 8/8
  2638 | D:4      | Noticed Edmund
  2678 | D:4      | Noticed Grinder
  2694 | D:4      | Reached skill level 5 in Fighting
  2694 | D:4      | Reached skill level 5 in Staves
  2694 | D:4      | Reached XP level 7. HP: 30/44 MP: 3/9
  2697 | D:4      | Paralysed by Grinder for 2 turns
  2708 | D:4      | Paralysed by Grinder for 3 turns
  2711 | D:4      | Killed Grinder
  2846 | D:4      | Gained mutation: You have hidden genetic potential. [potion
                  | of mutation]
  2846 | D:4      | Gained mutation: You occasionally lose the ability to read
                  | scrolls when taking damage. [potion of mutation]
  2846 | D:4      | HP: 2/40 [orc/+0 flail (4)]
  3011 | D:4      | Killed Edmund
  3088 | D:4      | Reached XP level 8. HP: 49/49 MP: 10/10
  3231 | D:4      | Found a stormy altar of Qazlal.
  3283 | D:4      | Found a staircase to the Ecumenical Temple.
  3299 | Temple   | Entered the Ecumenical Temple
  3349 | Temple   | Became a worshipper of Zin the Law-Giver
  3349 | Temple   | Reached * piety under Zin
  3388 | D:5      | Entered Level 5 of the Dungeon
  3396 | D:5      | Reached ** piety under Zin
  3432 | D:5      | Found a sand-covered staircase.
  3458 | Ossuary  | Entered an ossuary
  3811 | D:5      | Gained mutation: You expend magic power (3 MP) to
                  | strengthen your wands. [hidden potential]
  4682 | D:6      | Noticed Maggie
  4696 | D:6      | Killed Maggie
  4697 | D:6      | Reached skill level 10 in Staves
  5138 | D:6      | Reached XP level 9. HP: 54/54 MP: 11/11
  5172 | D:6      | Reached *** piety under Zin
  5507 | D:7      | Gained mutation: You are partially covered in iridescent
                  | scales. (AC +2) [hidden potential]
  5507 | D:7      | Lost mutation: You have hidden genetic potential. [hidden
                  | potential expressed]
  5789 | D:7      | Found a shimmering altar of Xom.
  5789 | D:7      | Found a shimmering altar of Xom.
  5791 | D:7      | Found a shimmering altar of Xom.
  5792 | D:7      | Found a shimmering altar of Xom.
  6365 | D:8      | Reached **** piety under Zin
  6578 | D:8      | Noticed Prince Ribbit
  6589 | D:8      | Killed Prince Ribbit
  6590 | D:8      | Reached skill level 2 in Maces & Flails
  6852 | D:7      | Reached skill level 3 in Maces & Flails
  6905 | D:7      | Reached skill level 4 in Maces & Flails
  7061 | D:8      | Reached skill level 5 in Maces & Flails
  7064 | D:8      | Found a burning altar of Makhleb.
  7066 | D:8      | Found a bloodstained altar of Trog.
  7095 | D:8      | Noticed a komodo dragon
  7111 | D:8      | Reached XP level 10. HP: 17/59 MP: 5/12
  7292 | D:7      | Reached skill level 6 in Maces & Flails
  7310 | D:7      | Reached skill level 7 in Maces & Flails
  7371 | D:8      | Noticed a two-headed ogre
  7396 | D:8      | Killed a two-headed ogre
  7397 | D:8      | Reached skill level 8 in Maces & Flails
  7515 | D:8      | Noticed a purple ugly thing
  7525 | D:8      | Killed a purple ugly thing
  7873 | D:8      | Reached skill level 9 in Maces & Flails
  7950 | D:9      | Noticed a centaur warrior
  8489 | D:9      | Noticed a brown ugly thing
  8634 | D:9      | Found a staircase to the Orcish Mines.
  8810 | D:9      | Reached skill level 10 in Maces & Flails
  8925 | D:9      | Killed a centaur warrior
  9043 | D:9      | Killed a brown ugly thing
  9044 | D:9      | Reached skill level 11 in Maces & Flails
  9177 | D:9      | Reached XP level 11. HP: 42/63 MP: 9/13
  9780 | D:10     | Entered Level 10 of the Dungeon
  9837 | D:10     | Found a staircase to the Lair.
  9861 | D:10     | Reached skill level 12 in Maces & Flails
 10138 | D:10     | Found a broken altar of Ashenzari.
 10247 | D:10     | Noticed a centaur warrior
 10260 | D:10     | Killed a centaur warrior
 10615 | D:10     | Found a shimmering blue altar of Sif Muna.
 10744 | Lair:1   | Entered Level 1 of the Lair of Beasts
 10872 | Lair:1   | Reached skill level 13 in Maces & Flails
 11129 | Lair:1   | Slain by a cane toad

Illustrated notes

Levels and vault maps discovered:
D:1:      onia_arrival_pyramid, layout_basic, serial_bayou, serial_bayou_ford_a,
          serial_bayou_lake_a, serial_bayou_pond_c, serial_bayou_lagoon_a,
          serial_bayou_pond_a, serial_bayou_shore_b
D:2:      layout_rooms, serial_shops, shop_coins, basic_altar
D:3:      layout_rooms, shapermc_ecumenical_altar_flowoftime
D:4:      layout_cave_pools, mainiacjoe_overflow_surrounded_room,
          temple_doors_cd, kennysheep_generic_room_10, uniq_sigmund,
          uniq_edmund, uniq_grinder
D:5:      layout_layer_cave, enter_ossuary_3
D:6:      layout_cave_pools, uniq_maggie
D:7:      layout_loops_corners, xom_redecorated, david_defended_altar_orc
D:8:      layout_basic, gammafunk_temple_overflow_statue,
          hangedman_decor_diamond_cutter, uniq_prince_ribbit1
D:9:      layout_basic, hiddenorc1_lemuel
D:10:     layout_roguey, general_overflow_altar, lemuel_blue_sif_altar,
          david_lair_shrubbed
Temple:   nicolae_temple_elliptical
Lair:1:   layout_roguey, uniq_urug

Skill      XL: |  1  2  3  4  5  6  7  8  9 10 11 |
---------------+----------------------------------+-----
Staves         | 1 2 4 5 7 10 12 | 12.4
Fighting       | 2 4 5 |  5.0
Maces & Flails | 5 11 13 | 13.2
Dodging        | 4 |  4.1
Ranged Weapons | |  2.1
Spellcasting   | |  1.0
Hexes          | |  2.1

Action                     |  1- 3 |  4- 6 |  7- 9 | 10-12 || total
---------------------------+-------+-------+-------+-------++-------
  Melee: Quarterstaff      |    77 |    91 |   276 |       ||   444
         Peck              |    13 |    11 |    72 |    62 ||   158
         Kick              |    12 |    17 |   122 |   131 ||   282
         Unarmed           |       |    16 |    16 |       ||    32
         Morningstar       |       |       |    61 |   322 ||   383
         Punch             |       |       |     1 |     3 ||     4
   Fire: Sling             |     5 |       |       |       ||     5
  Throw: Dart              |       |       |       |    22 ||    22
 Invoke: Vitalisation      |       |       |       |     1 ||     1
  Evoke: Wand              |       |       |       |     3 ||     3
    Use: Potion            |     1 |     2 |     5 |     5 ||    13
         Scroll            |       |     3 |    15 |     3 ||    21
   Stab: Sleeping          |     1 |       |       |       ||     1
 Armour: Robe              |    25 |     4 |       |       ||    29
         Skin              |       |    13 |    14 |       ||    27
         Ring mail         |       |    34 |    51 |    21 ||   106
         Steam dragon scal |       |       |    43 |    60 ||   103
  Dodge: Dodged            |    53 |    46 |   196 |   300 ||   595
